 Dungeon Crawl Stone Soup version 0.17-a0-1691-g18a3847 (webtiles) character file.

139 karlkraus the Skirmisher (level 5, 0/70 HPs)
             Began as a Minotaur Fighter on Aug 20, 2015.
             Slain by Zebura's ghost (8 damage)
             ... on level 3 of the Dungeon.
             The game lasted 00:05:22 (1482 turns).

karlkraus the Skirmisher (Minotaur Fighter)         Turns: 1482, Time: 00:05:22

Health: 0/70       AC: 22    Str: 25    XL:     5   Next: 1%
Magic:  4/4        EV:  2    Int: 10    God:
Gold:   40         SH: 10    Dex: 11    Spells: 0 memorised, 4 levels left

rFire  . . .     SeeInvis .     a - +0 flail
rCold  . . .     Clarity  .     (armour currently unavailable)
rNeg   + + +     SustAt   .     c - +0 shield
rPois  +         Gourm    .     (helmet currently unavailable)
rElec  .         Spirit   .     (cloak currently unavailable)
rCorr  .         Warding  .     (gloves currently unavailable)
rMut   .         NoTele   +     (boots currently unavailable)
MR     .....                    (no amulet)
Stlth  +.........               (no ring)
                                (no ring)

@: mighty, brilliant, tree-form, not resistant to hostile enchantments, very
unstealthy
A: (retaliatory headbutt), (horns 0)
a: no special abilities


You were on level 3 of the Dungeon.
You were very hungry.
You were a tree.
You visited 1 branch of the dungeon, and saw 3 of its levels.

You collected 40 gold pieces.

Inventory:

Hand weapons
 a - a +0 flail (weapon)
Armour
 c - a +0 shield (worn)
 i - a +2 ring mail of poison resistance (melded)
Jewellery
 o - an uncursed ring of poison resistance {unknown}
Magical devices
 m - a wand of slowing (7)
Scrolls
 f - 2 scrolls of identify {unknown}
 g - a scroll of amnesia {unknown}
 l - a scroll of noise {unknown}
Potions
 d - a potion of might
 h - a potion of curing
 k - a potion of brilliance
 n - a potion of poison
Comestibles
 e - a bread ration
 j - a meat ration


   Skills:
 + Level 4.8 Fighting
 + Level 2.8 Maces & Flails
 + Level 4.4 Armour
 + Level 1.8 Dodging
 + Level 0.3 Stealth
 + Level 4.6 Shields


You had 4 spell levels left.
You didn't know any spells.

Dungeon Overview and Level Annotations

Branches:
Dungeon (3/15)

Altars:

Annotations:
D:3 Zebura's ghost, average TrFi


Innate Abilities, Weirdness & Mutations

((You reflexively headbutt those who attack you in melee.))
((You have a pair of horns on your head.))


Message History

You block Zebura's ghost's attack. The rat barely misses you.
Drink which item? (? for menu, Esc to quit)
It was a potion of poison.
You feel slightly nauseous. Zebura's ghost barely misses you.
You furiously retaliate!
You headbutt Zebura's ghost! You block the rat's attack.
Drink which item? (? for menu, Esc to quit)
It was a potion of lignification.
You turn into a tree.
Your +2 ring mail of poison resistance melds into your body.
Your roots penetrate the ground.
You feel sick.
You are no longer poisoned.
You block Zebura's ghost's attack. You block the rat's attack.
You cannot move.
You cannot move.
You cannot move.
You cannot move.
You cannot move.
You bludgeon Zebura's ghost!!
Zebura's ghost is heavily damaged.
Zebura's ghost hits you!
You die...

##......#
......>.######### ..
#.#..............# .<.
..[..............#
....
.##.............##...#
...........#.###....#
.#..........#.##....#
#).........#.#r?.8.#
#...(......#.♣W....#
#............###....#
...........#.# ..#
##.......(.#.# . ....
#.# #### #.# ..# ##


You could see Zebura's ghost and a rat.

Vanquished Creatures
  5 adders
  4 gnolls (D:2)
  An adder skeleton (D:3)
  A worm (D:2)
  An orc (D:3)
  5 goblins
  7 hobgoblins
  2 jackals (D:2)
  4 bats
  6 giant cockroaches (D:2)
  5 giant newts
  7 kobolds
  6 rats
54 creatures vanquished.

Notes
Turn   | Place    | Note
--------------------------------------------------------------
     0 | D:1      | karlkraus the Minotaur Fighter began the quest for the Orb.
     0 | D:1      | Reached XP level 1. HP: 19/19 MP: 0/0
   405 | D:1      | Reached XP level 2. HP: 27/27 MP: 1/1
   487 | D:1      | Reached skill level 4 in Fighting
   617 | D:2      | Reached XP level 3. HP: 29/33 MP: 2/2
  1022 | D:2      | Reached XP level 4. HP: 9/41 MP: 3/3
  1026 | D:2      | Reached skill level 1 in Dodging
  1465 | D:3      | Noticed Zebura's ghost (average TrFi)
  1475 | D:3      | Reached XP level 5. HP: 37/47 MP: 4/4
  1482 | D:3      | Slain by Zebura's ghost

Vault maps used:
D:1:      minmay_arrival_diagonal_passages
D:2:      grunt_ministairs_14
D:3:      grunt_ministairs_12

Action                   |  1- 3 |  4- 6 || total
-------------------------+-------+-------++-------
Melee: Flail             |    93 |    48 ||   141
  Use: Potion            |     1 |     4 ||     5
  Eat: Chunk             |       |     1 ||     1
